Map: Cyber Forest LE

Players

llllllllllll - Winner!

  • Race: Protoss Protoss
  • League: Master
  • Spawn Location: 11:00

Mez

  • Race: Terran Terran
  • League: Master
  • Spawn Location: 5:00

VOD

Have the link to the VOD?

Description

Time

  • Played on: Aug. 13, 2019, 12:53 p.m.
  • Length: 11:24
Show
View Real Time Build Order
Export as new Build Order

llllllllllll Protoss - Winner!

Build Orders: 1 Gate Expand, Colossus Rush 

Get SALT Encoding   

  12  0:00  Probe  
  13  0:12  Probe  
  14  0:19  Pylon  
  14  0:24  Probe  
  15  0:35  Probe  
  16  0:43  Probe, Gateway  
  16  0:48  Assimilator  
  17  0:51  Probe  
  18  1:03  Probe  
  19  1:15  Probe  
  20  1:30  Cybernetics Core  
  20  1:37  Nexus  
  20  1:43  Pylon  
  20  1:46  Probe  
  21  1:51  Assimilator  
  21  1:56  Adept  
  21  1:59  Probe  
  24  2:08  Warp Gate  
  24  2:11  Probe  
  25  2:17  Stalker  
  25  2:23  Probe  
  27  2:38  Probe  
  27  2:42  Robotics Facility  
  28  2:46  Stalker  
  28  2:50  Probe  
  31  3:23  Probe x2  
  31  3:26  Assimilator  
  33  3:27  Observer  
  33  3:28  Assimilator  
  33  3:31  Gateway  
  33  3:32  Gateway  
  34  3:35  Probe x2  
  36  3:42  Robotics Bay  
  36  3:45  Observer  
  36  3:47  Probe x2  
  39  3:59  Probe x2  
  41  4:06  Stalker, Observer  
  41  4:07  Pylon  
  44  4:11  Probe x2  
  46  4:18  Pylon  
  46  4:23  Pylon  
  46  4:25  Probe, Colossus  
  46  4:26  Probe, Observer  
  48  4:34  Extended Thermal Lance  
  54  4:46  Probe  
  55  4:57  Probe  
  55  4:59  Probe  
  57  5:07  Colossus  
  57  5:09  Probe  
  59  5:14  Probe  
  59  5:19  Sentry x2  
  59  5:21  Probe  
  70  5:25  Pylon  
  70  5:27  Pylon  
  70  5:33  Pylon  
  70  5:43  Probe  
  70  5:46  Probe  
  70  5:47  Sentry  
  70  5:48  Sentry, Colossus  
  76  5:56  Gateway  
  76  5:59  Gateway  
  76  6:01  Gateway  
  82  6:19  Pylon  
  82  6:21  Nexus  
  82  6:23  Observer  
  82  6:27  Pylon  
  82  6:32  Disruptor  
  82  6:37  Forge  
  82  6:38  Forge  
  82  6:40  Twilight Council  
  82  6:41  Probe  
  82  6:43  Probe  
  87  6:53  Probe  
  88  6:55  Probe  
  88  6:56  Observer  
  88  7:00  Disruptor  
  89  7:03  Stalker x3  
  89  7:05  Probe  
  89  7:06  Adept  
  89  7:07  Probe  
  99  7:12  Observer  
  99  7:15  Blink  
  102  7:22  Protoss Ground Armor Level 1, Protoss Ground Weapons Level 1  
  102  7:29  Warp Prism  
  102  7:30  Probe  
  102  7:31  Probe  
  106  7:48  Stalker x4  
  106  7:50  Sentry x2  
  118  8:03  Pylon  
  118  8:04  Pylon  
  118  8:06  Disruptor  
  121  8:18  Stalker x2  
  125  8:21  Probe x2  
  127  8:32  Stalker x3  
  127  8:33  Stalker  
  101  8:49  Stalker x2  
  85  9:00  Stalker  
  85  9:01  Stalker x3  
  56  9:18  Stalker x2  
  56  9:31  Stalker  
  56  9:32  Stalker x3  
  58  9:47  Stalker x2  
  62  9:56  Stalker x3  
  62  9:57  Stalker  
  70  10:25  Stalker x5  
  70  10:26  Stalker  
  78  10:53  Stalker x2  
  78  10:54  Stalker x3  
  78  10:56  Adept  
  84  11:22  Stalker  
  84  11:23  Stalker x3  
Show
View Real Time Build Order
Export as new Build Order

Mez Terran 

Build Orders: Reaper Expand 

Get SALT Encoding   

  12  0:00  SCV  
  13  0:13  SCV  
  14  0:17  Supply Depot  
  14  0:25  SCV  
  15  0:39  SCV  
  15  0:40  Barracks  
  16  0:44  Refinery  
  16  0:51  SCV  
  17  1:03  SCV  
  18  1:15  SCV  
  19  1:30  Reaper, Orbital Command  
  20  1:42  Command Center  
  20  1:49  Bunker  
  20  1:56  SCV  
  20  1:58  Supply Depot  
  21  2:03  Barracks Reactor  
  21  2:12  SCV  
  22  2:30  Command Center  
  22  2:32  SCV  
  23  2:40  Marine x2  
  25  2:45  SCV  
  25  2:48  Factory  
  26  2:57  Marine  
  26  2:58  Marine  
  28  3:11  Orbital Command  
  27  3:17  Marine x2  
  27  3:18  SCV  
  30  3:21  Refinery  
  30  3:31  SCV  
  30  3:32  Widow Mine  
  30  3:33  Starport  
  33  3:39  Refinery  
  33  3:45  Orbital Command  
  33  3:50  Marine x2  
  33  3:52  SCV  
  33  3:55  Widow Mine  
  38  3:57  SCV  
  39  4:05  SCV  
  39  4:09  Marine x2  
  42  4:12  SCV x2  
  42  4:14  Starport Tech Lab  
  42  4:16  Factory Tech Lab  
  44  4:17  SCV  
  46  4:24  SCV x2  
  46  4:26  Supply Depot  
  47  4:33  Supply Depot  
  47  4:35  Raven, SCV  
  47  4:36  SCV  
  47  4:37  Marine x2  
  56  4:45  Siege Tank  
  56  4:46  SCV  
  56  4:50  Barracks  
  57  4:54  Marine  
  57  4:55  Marine  
  57  4:58  Supply Depot  
  59  5:02  Supply Depot  
  59  5:06  SCV x2  
  61  5:07  Supply Depot  
  61  5:09  Barracks  
  61  5:13  SCV  
  62  5:18  Refinery, SCV  
  63  5:29  Starport Reactor  
  63  5:31  SCV x2  
  65  5:35  Marine x2  
  67  5:46  Engineering Bay x2, Factory Reactor  
  67  5:48  Stimpack  
  67  5:51  Marauder  
  69  5:59  Barracks, Supply Depot  
  69  6:01  Barracks  
  69  6:02  SCV  
  69  6:03  SCV x2  
  72  6:08  Marine  
  72  6:09  Marine  
  74  6:11  Medivac  
  74  6:12  Medivac  
  74  6:14  SCV  
  74  6:15  SCV  
  80  6:22  Combat Shield  
  80  6:23  Marauder  
  82  6:31  Widow Mine x2  
  86  6:33  Supply Depot  
  86  6:36  SCV x2, Marine  
  86  6:37  Marauder  
  91  6:40  Terran Infantry Weapons Level 1  
  91  6:43  Terran Infantry Armor Level 1  
  91  6:44  Marauder  
  91  6:46  Supply Depot  
  93  6:54  Barracks Reactor  
  93  6:55  Barracks Tech Lab  
  93  6:58  Marauder, Medivac x2  
  99  7:03  Orbital Command  
  99  7:04  Supply Depot  
  99  7:05  Marine x2  
  99  7:06  Marauder  
  99  7:07  Widow Mine  
  99  7:08  Widow Mine  
  106  7:25  Missile Turret  
  106  7:26  Missile Turret  
  106  7:28  Supply Depot  
  106  7:29  Marauder x3  
  112  7:31  Supply Depot  
  112  7:36  Orbital Command  
  112  7:37  Starport  
  112  7:50  SCV x2  
  114  8:02  SCV x2  
  116  8:06  Refinery  
  116  8:07  Refinery, Marine x3, Marauder x3  
  116  8:11  Viking  
  116  8:12  Viking  
  129  8:14  SCV  
  130  8:24  Supply Depot  
  130  8:25  Viking  
  130  8:26  Viking  
  128  8:41  Viking  
  128  8:45  Marine x2, Marauder x3  
  112  8:52  Marine x2  
  106  8:58  SCV x3  
  104  9:03  Marine x2  
  104  9:07  Marauder x3  
  97  9:10  SCV, Marine  
  97  9:14  Marine  
  96  9:21  Marine  
  91  9:28  Marauder x3  
  91  9:30  Marine x2  
  87  9:49  Marauder x2  
  87  9:50  Marauder  
  91  9:56  Medivac x3  
  91  9:57  Marine x4  
  97  10:01  Viking  
  97  10:08  Armory  
  97  10:11  Marauder x3  
  82  10:23  Marine x2  
  82  10:28  SCV x3  
  82  10:32  Marauder x3  
  88  10:42  Factory Tech Lab  
  94  10:52  Marine  
  94  10:53  Marine x3  
  94  10:54  Marauder x2  
  94  10:55  SCV x3  
  102  11:07  SCV  
Tags
 
Add a new tag
Caveats
  • Supply blocks, unpowered buildings, or Contaminate may cause inaccurate times.
  • Supply counts are checked every 10 seconds.